 Dungeon Crawl Stone Soup version 0.27.1-34-g3ba077fa99 (webtiles) character file.

Game seed: 14432160669627633434

2797 Kaptain the Geomancer (level 9, -1/52 HPs)
             Began as a Gargoyle Earth Elementalist on Jan 25, 2022.
             Slain by an eight-headed hydra (5 damage)
             ... on level 9 of the Dungeon.
             The game lasted 00:19:19 (7330 turns).

Kaptain the Geomancer (Gargoyle Earth Elementalist) Turns: 7330, Time: 00:19:19

Health: -1/52      AC: 13    Str: 13    XL:     9   Next: 71%
Magic:  8/17       EV: 12    Int: 18    God:
Gold:   352        SH:  0    Dex: 10    Spells: 14/19 levels left

rFire    . . .     SeeInvis .   b - staff of earth
rCold    . . .     Faith    .   (no shield)
rNeg     + . .     Spirit   .   e - +0 leather armour
rPois    ∞         Reflect  .   (no helmet)
rElec    +         Harm     .   t - +0 cloak
rCorr    .         Rampage  .   (no gloves)
Will     .....                  d - +1 pair of boots
Stlth    +++.......             (no amulet)
HPRegen  0.17/turn              p - ring of wizardry
MPRegen  0.15/turn              (no ring)

@: no status effects
A: sickness immunity, AC +6, negative energy resistance 1, electricity
resistance, torment resistance 1, petrification resistance
a: no special abilities


You were on level 9 of the Dungeon.
You visited 2 branches of the dungeon, and saw 10 of its levels.

You collected 352 gold pieces.

Inventory:

Hand Weapons
 g - a +3 flail
 j - a +0 quarterstaff
 q - a +0 triple crossbow
 s - a +2 spectral quarterstaff
Missiles
 c - a throwing net
 u - 76 stones
 y - 18 bolts
Armour
 d - a +1 pair of boots (worn)
 e - a +0 leather armour (worn)
 t - a +0 cloak (worn)
 v - a +0 buckler
Magical Staves
 b - a staff of earth (weapon)
Jewellery
 i - a ring of fire
 n - a ring of ice
 p - a ring of wizardry (left hand)
Wands
 f - a wand of iceblast (7)
 r - a wand of polymorph (12)
 x - a wand of acid (5)
 C - a wand of flame (20)
Scrolls
 a - a scroll of enchant weapon
 h - 3 scrolls of teleportation
Potions
 k - 4 potions of flight
 l - a potion of brilliance {unknown}
 m - a potion of cancellation {unknown}
 o - 5 potions of heal wounds
 w - a potion of degeneration {unknown}
 z - a potion of mutation {unknown}
 A - 2 potions of magic {unknown}
 D - a potion of berserk rage {unknown}


   Skills:
 + Level 4.3 Fighting
 + Level 4.3 Armour
 - Level 2.9 Dodging
 + Level 5.4 Stealth
 + Level 2.6 Shields
 * Level 5.8 Spellcasting
 * Level 5.7 Conjurations
 - Level 0.7 Transmutations
 * Level 8.0 Earth Magic


You had 14 spell levels left.
You knew the following spells:

 Your Spells              Type           Power      Damage    Failure   Level
a - Sandblast             Erth           100%       2d20      1%          1
b - Stone Arrow           Conj/Erth      90%        3d12      1%          3
c - Animate Skeleton      Necr           10%        N/A       6%          1

Your spell library contained the following spells:

 Spells                   Type           Power      Damage    Failure   Level
 Magic Dart               Conj           100%       1d8       1%          1
 Passwall                 Tmut/Erth      25%        N/A       1%          2
 Apportation              Tloc           10%        N/A       6%          1
 Corona                   Hex            5%         N/A       6%          1
 Pain                     Necr           20%        1d5       6%          1
 Summon Small Mammal      Summ           20%        N/A       6%          1
 Call Imp                 Summ           5%         N/A       9%          2
 Mephitic Cloud           Conj/Pois/Air  12%        N/A       9%          3
 Petrify                  Tmut/Erth      31%        N/A       11%         4
 Animate Armour           Summ/Erth      58%        N/A       12%         4
 Gell's Gravitas          Tloc           2%         N/A       17%         3
 Teleport Other           Tloc           5%         N/A       17%         3
 Vampiric Draining        Necr           2%         2d6       17%         3
 Iron Shot                Conj/Erth      22%        9d5       45%         6
 Blade Hands              Tmut           3%         N/A       73%         5
 Dispersal                Tloc           2%         N/A       100%        6
 Shatter                  Erth           25%        3d21*     100%        9


Dungeon Overview and Level Annotations

Branches:
Dungeon (9/15)             Temple (1/1) D:6
   Lair: D:8-11         Orc: D:9-12

Altars:
Ashenzari
Cheibriados
Dithmenos
Elyvilon
Fedhas
Gozag
Hepliaklqana
Kikubaaqudgha
Makhleb
Nemelex Xobeh
Okawaru
Qazlal
Ru
Sif Muna
Trog
Uskayaw
Wu Jian
Xom
Yredelemnul
Zin
The Shining One

Shops:
D:3 [   D:8 *


Innate Abilities, Weirdness & Mutations

You are immune to sickness and miasma.
Your stone body is resilient. (AC +6)
You are immune to poison.
You resist negative energy. (rN+)
You are resistant to electric shocks. (rElec)
You are resistant to unholy torment.
You are immune to petrification.


Message History

Press: ? - help, Shift-Dir - straight line, f - eight-headed hydra
Aim: an eight-headed hydra (94% to hit)
You feel a surge of power!
The blast of sand hits the eight-headed hydra!
The eight-headed hydra is lightly wounded.
Casting: Sandblast (safe; 1% risk of failure)
Confirm with . or Enter, or press ? or * to list all spells.
Aiming: Sandblast (safe; 1% risk of failure)
Press: ? - help, Shift-Dir - straight line, f/p - eight-headed hydra
Aim: an eight-headed hydra (lightly wounded, 94% to hit)
You feel a surge of power!
The blast of sand hits the eight-headed hydra.
The eight-headed hydra is moderately wounded.
The eight-headed hydra bites you but does no damage.
The eight-headed hydra closely misses you.
The eight-headed hydra bites you! The eight-headed hydra bites you.
The eight-headed hydra bites you!
The eight-headed hydra bites you but does no damage.
The eight-headed hydra barely misses you.
The eight-headed hydra closely misses you.
Unknown command.
Unknown command.
Casting: Sandblast (safe; 1% risk of failure)
Confirm with . or Enter, or press ? or * to list all spells.
Aiming: Stone Arrow (safe; 1% risk of failure)
Press: ? - help, Shift-Dir - straight line, f/p - eight-headed hydra
Aim: an eight-headed hydra (moderately wounded, 92% to hit)
You feel a surge of power!
The stone arrow hits the eight-headed hydra!!
The eight-headed hydra is heavily wounded.
The eight-headed hydra bites you.
The eight-headed hydra closely misses you.
The eight-headed hydra bites you!
* * * LOW HITPOINT WARNING * * *
The eight-headed hydra bites you!
* * * LOW HITPOINT WARNING * * *
The eight-headed hydra bites you.
* * * LOW HITPOINT WARNING * * *
The eight-headed hydra bites you.
You die...

####'##### #.##
#..# #######'##
#......(.#
#........#
#........#
#........#
+.......@#
#........D)#
#........#...?
#........######
#........#
#........#
#........#
##########


You could see an eight-headed hydra.

Vanquished Creatures
  Prince Ribbit (D:7)
  2 water moccasins
  A sky beast (D:7)
  2 black bears
  3 centaurs
  3 ogres
  A phantom (D:4)
  2 bullfrogs
  2 scorpions
  A water moccasin skeleton (D:6)
  9 wights (D:8)
  A howler monkey (D:8)
  A bullfrog zombie (D:6)
  Crazy Yiuf (D:5)
  A jelly (D:4)
  5 hounds
  2 centaur skeletons (D:5)
  3 orc priests (D:8)
  A bullfrog skeleton (D:5)
  A gnoll shaman (D:7)
  6 iguanas
  3 orc wizards
  A hound skeleton (D:4)
  A howler monkey zombie (D:9)
  5 gnolls
  An adder (D:2)
  A white imp (D:8)
  2 worms
  3 dart slugs (D:1)
  20 orcs
  8 ball pythons
  6 giant cockroaches
  9 goblins
  A hobgoblin (D:3)
  5 jackals
  2 quokkas
  5 bats
  2 frilled lizards
  4 kobolds
  10 rats
138 creatures vanquished.

Vanquished Creatures (others)
  A fungus (D:5)
  3 plants (D:1)
4 creatures vanquished.

Grand Total: 142 creatures vanquished

Notes
Turn   | Place    | Note
-------+----------+-------------------------------------------
     0 | D:1      | Kaptain the Gargoyle Earth Elementalist began the quest for
                  | the Orb.
     0 | D:1      | Reached XP level 1. HP: 10/10 MP: 3/3
   212 | D:1      | Reached XP level 2. HP: 15/15 MP: 3/5
   673 | D:1      | Reached skill level 4 in Earth Magic
   688 | D:1      | Reached XP level 3. HP: 17/20 MP: 1/6
  1306 | D:2      | Learned a level 3 spell: Stone Arrow
  1346 | D:2      | Reached skill level 1 in Armour
  2012 | D:3      | Reached XP level 4. HP: 23/24 MP: 1/7
  2016 | D:2      | Reached skill level 1 in Fighting
  2257 | D:3      | Found a faded altar of an unknown god.
  2868 | D:3      | Found Zuycilip's Armour Emporium.
  3133 | D:4      | Reached XP level 5. HP: 26/29 MP: 5/9
  3134 | D:4      | Got the Grimoire of the Mountains
  3181 | D:4      | Noticed an ogre
  3185 | D:4      | Killed an ogre
  3186 | D:4      | Reached skill level 1 in Conjurations
  3224 | D:5      | Entered Level 5 of the Dungeon
  3224 | D:5      | Noticed a black bear
  3229 | D:5      | Killed a black bear
  3230 | D:5      | Reached skill level 5 in Earth Magic
  3230 | D:5      | Reached XP level 6. HP: 35/35 MP: 6/11
  3353 | D:5      | Reached XP level 7. HP: 40/40 MP: 5/12
  3875 | D:5      | Reached skill level 6 in Earth Magic
  4579 | D:5      | Found a runed translucent door.
  4580 | D:5      | Noticed Crazy Yiuf
  4584 | D:5      | Killed Crazy Yiuf
  4585 | D:5      | Reached XP level 8. HP: 45/45 MP: 10/14
  4684 | D:6      | Found a staircase to the Ecumenical Temple.
  4693 | Temple   | Entered the Ecumenical Temple
  5160 | D:6      | Learned a level 1 spell: Animate Skeleton
  5627 | D:7      | Reached skill level 1 in Shields
  5774 | D:7      | Reached skill level 7 in Earth Magic
  5820 | D:7      | Reached skill level 5 in Spellcasting
  5935 | D:7      | Reached XP level 9. HP: 51/51 MP: 11/16
  6141 | D:7      | Noticed Prince Ribbit
  6145 | D:7      | Killed Prince Ribbit
  6146 | D:7      | Reached skill level 5 in Stealth
  6146 | D:7      | Reached skill level 5 in Conjurations
  6528 | D:8      | Found Ypuoh's Assorted Antiques.
  7325 | D:9      | Noticed an eight-headed hydra
  7328 | D:9      | Reached skill level 8 in Earth Magic
  7330 | D:9      | Slain by an eight-headed hydra

Illustrated notes

Levels and vault maps discovered:
D:1:      roderic_dead_forest, layout_basic, serial_bayou_lake_a
D:2:      layout_rooms, serial_aquarium, aquarium_bridge_straight
          [aquarium_subvault_bridge, aquarium_subvault_wall,
          aquarium_subvault_bridge, aquarium_subvault_balcony],
          aquarium_bridge_straight [aquarium_subvault_bridge,
          aquarium_subvault_wall, aquarium_subvault_bridge,
          aquarium_subvault_wall], aquarium_window_1, aquarium_window_corner,
          aquarium_view_2e, aquarium_view_2a, aquarium_balcony_double_4,
          aquarium_pool_side
D:3:      layout_loops_corners, shapermc_ecumenical_altar_starsandcircs,
          serial_shops, shop, kennysheep_generic_room_16
D:4:      layout_gridville, kennysheep_another_room
D:5:      layout_rooms, portal_sewer_entry_e, uniq_crazy_yiuf_cottage
D:6:      layout_loops_ring, minmay_temple_entry_glass
D:7:      layout_loops_ring, uniq_prince_ribbit1
D:8:      layout_rooms, serial_shops, shop_fountains
D:9:      layout_roguey, serial_shops, shop, uniq_joseph
Temple:   grunt_wide_crystal_templ

Skill      XL: |  1  2  3  4  5  6  7  8  9 |
---------------+----------------------------+-----
Earth Magic    | 4 5 6 7 8 |  8.0
Armour         | 1 2 3 4 |  4.3
Fighting       | 1 2 3 4 |  4.3
Dodging        | 2 |  2.9
Stealth        | 3 4 5 |  5.4
Spellcasting   | 3 4 5 |  5.8
Conjurations   | 1 2 3 4 5 |  5.7
Shields        | 1 2 |  2.6
Transmutations | |  0.7

Action                   |  1- 3 |  4- 6 |  7- 9 || total
-------------------------+-------+-------+-------++-------
Melee: Short sword       |    17 |       |    22 ||    39
       Quarterstaff      |       |       |     7 ||     7
       Staff             |       |       |     6 ||     6
 Cast: Sandblast         |    49 |    55 |    99 ||   203
       Stone Arrow       |       |       |    44 ||    44
  Use: Scroll            |     6 |     3 |     3 ||    12
       Potion            |     3 |       |     2 ||     5
Armor: Leather armour    |    12 |    13 |    44 ||    69
Dodge: Dodged            |    25 |    13 |    55 ||    93
